cohdb
Replays
Latest Replays
All Replays
Popular Replays
Top Player Replays
Match Explorer
How It Works
Community
CoH3 Stats
Reddit
Sign in to upload your games and track your stats! →
Sign in with Steam
Match 39780577
Unlisted
Match 39780577
Overview
Messages
Build Orders
End
Royal Engineer Section
Selects Canadian Shock Battlegroup
Vickers Machine Gun Team
Construct Section Command Post
ML 3-inch Mortar Team
Construct Field Infirmary
Selects Offensive Resupply
Selects Canadian Shock Section
Canadian Shock Section
Construct Platoon Command Post
Humber Armored Car
Selects Incendiary Munitions
Canadian Shock Section
Infantry Training
Selects Pyrotechnics
Canadian Shock Section
Construct Company Command Post
Selects Churchill Crocodile Heavy Tank
Churchill Crocodile Heavy Tank
MozG64
pürfekt
matjouz
Sarmynation
0
0
Comments
sign in to comment!
No comments posted yet!